[Event "ISR-ch Women 2018"]
[Site "Ma'alot-Tarshih"]
[Date "2018.12.12"]
[Round "1"]
[White "Shvayger, Yuliya"]
[Black "Vardi, Shlomit"]
[Result "1-0"]
[ECO "B06"]
[WhiteElo "2393"]
[BlackElo "1910"]
[Annotator "ChessBase"]
[PlyCount "58"]
[EventDate "2018.12.12"]
[EventType "swiss"]
[EventCountry "ISR"]
[SourceTitle "playchess.com"]
[Source "ChessBase"]
[SourceQuality "1"]
[TimeControl "40/5400+30:1800+30"]

1. e4 d6 2. d4 g6 3. Nc3 Bg7 4. Be3 c6 5. Qd2 b5 6. Bd3 Qc7 7. Nce2 a6 8. a4 Bb7 9. Nf3 c5 10. c3 Nf6 11. Ng3 h5 12. h4 Nbd7 13. O-O c4 14. Bc2 Ng4 15. Ng5 e5 16. d5 O-O 17. Bd1 Nc5 18. Bxc5 Qxc5 19. Bxg4 hxg4 20. Qe2 Bc8 21. axb5 Qxb5 22. b4 Bd7 23. f3 Qb6+ 24. Kh2 Bh6 25. fxg4 Bxg5 26. hxg5 Kg7 27. Nh1 Rh8+ 28. Kg3 a5 29. Qf3 Be8 1-0

[Event "ISR-ch Women 2018"]
[Site "Ma'alot-Tarshih"]
[Date "2018.12.12"]
[Round "1"]
[White "Ovechkin, Lilia"]
[Black "Reprun, Nadejda"]
[Result "1/2-1/2"]
[ECO "D00"]
[WhiteElo "1779"]
[BlackElo "2016"]
[Annotator "NA RC"]
[PlyCount "50"]
[EventDate "2018.12.12"]
[EventType "swiss"]
[EventCountry "ISR"]
[SourceTitle "playchess.com"]
[Source "ChessBase"]
[SourceQuality "1"]
[TimeControl "40/5400+30:1800+30"]

1. d4 d5 2. Bf4 Nf6 3. Nc3 c6 4. e3 Bf5 {[%emt 0:02:08] D00: 1 d4 d5: Unusual lines} 5. Bd3 {[%emt 0:02:22] LiveBook: 13 Games} Bxd3 6. Qxd3 Nbd7 7. Nge2 e6 8. e4 Nxe4 9. Nxe4 dxe4 10. Qxe4 Nf6 11. Qd3 Be7 12. O-O O-O $146 13. Rfd1 Qd7 14. Nc3 Nd5 15. Bc1 Nxc3 16. Qxc3 Rfd8 17. Rd3 Bf6 18. Be3 Qd5 19. Qb3 Rd7 20. Qxd5 cxd5 21. Bf4 Rc8 22. c3 Be7 23. Re1 Bd6 24. Bxd6 Rxd6 25. f4 h5 $11 1/2-1/2

[Event "ISR-ch Women 2018"]
[Site "Ma'alot-Tarshih"]
[Date "2018.12.12"]
[Round "1"]
[White "Orian, Noga"]
[Black "Buzukashvili, Sofia"]
[Result "0-1"]
[ECO "E61"]
[WhiteElo "1343"]
[BlackElo "1963"]
[Annotator "NA"]
[PlyCount "148"]
[EventDate "2018.12.12"]
[EventType "swiss"]
[EventCountry "ISR"]
[SourceTitle "playchess.com"]
[Source "ChessBase"]
[SourceQuality "1"]
[TimeControl "40/5400+30:1800+30"]

1. d4 Nf6 2. e3 g6 3. Nf3 d6 4. c4 Bg7 5. Nc3 O-O 6. b3 {[%emt 0:00:24] E61: King's Indian: Early deviations for White, including Smyslov System} (6. Be2 Nbd7 7. d5 e5 8. dxe6 fxe6 9. O-O e5 10. b3 Kh8 11. Bb2 Qe7 12. Rc1 Nc5 13. b4 Nce4 14. Nxe4 Nxe4 15. Nd2 Nxd2 16. Qxd2 Bd7 17. c5 d5 18. Qxd5 Bc6 19. Qc4 a6 20. Qg4 Rf5 21. Rcd1 Rg5 {0-1 (21) Harikrishna,P (2763)-Nakamura,H (2787) chess.com INT 2016}) 6... a5 7. Bd3 Na6 $146 ({Predecessor:} 7... c5 8. h3 Nc6 9. d5 Nxd5 10. Nxd5 Bxa1 11. O-O Nb4 12. Nxb4 axb4 13. Qc2 Bg7 14. Rd1 {0-1 (35) Podvin,A (1377)-Heymann,A (2025) La Fere 2011}) 8. Bb2 Re8 9. e4 Nd7 10. O-O e5 11. d5 Ndc5 12. Ne1 f5 13. f3 f4 14. Ba3 Nd7 15. Qd2 Qh4 16. Qf2 Qg5 17. Bc2 Bf6 18. Nd3 b6 19. Nb5 Qh5 20. Rfd1 Bh4 21. Qe2 ({White should play} 21. g3 $11 Bg5 22. Kg2) 21... Ndc5 22. Bxc5 bxc5 23. Nf2 Re7 24. h3 Qg5 25. Kf1 Qg3 26. Kg1 $1 h5 27. Nh1 Qg5 28. Kf1 Qf6 29. Nf2 g5 30. Ke1 Rg7 31. Kd2 Kf7 32. Rg1 Bd7 33. Nc3 Rag8 34. Rac1 Nb4 35. Rb1 g4 36. hxg4 hxg4 37. Rgf1 gxf3 38. gxf3 Rg2 39. a3 Nxc2 40. Kxc2 Rh2 41. Ncd1 Rgg2 $2 (41... Bh3 42. Kc3 Bxf1 43. Qxf1 Rgg2) 42. a4 Bg3 43. Rb2 Qh4 44. Kd3 $1 Bh3 $2 45. Kc3 $1 {[%emt 0:00:34] [#]} Kf6 (45... Bg4 $1 $19 46. fxg4 (46. Nxg4 Rxe2) 46... Bxf2 47. Nxf2 Qg3+ 48. Qd3 Rxf2 49. Rbxf2 Rxf2 50. Rxf2 Qxf2) 46. Kd3 Kf7 (46... Bxf2 $19 47. Rxf2 Qg3) 47. Kc3 {[%emt 0:00:06] [#]} Bd7 $2 48. Kd3 Qh5 49. Kc3 Qh4 (49... Bh4 $19 50. Kc2 Rg3) 50. Kd3 Bg4 51. Kc3 Bxf3 52. Qxf3 {[%emt 0:00:05] [#]} Bxf2 $1 53. Rbxf2 Rg3 54. Rxh2 $19 Rxf3+ 55. Rxf3 Qxh2 56. Rf2 Qg1 57. Kc2 Qg3 58. Re2 Kf6 59. Nc3 f3 60. Rd2 f2 61. Rxf2+ Qxf2+ 62. Kd3 Qf3+ 63. Kc2 Kg5 64. Kb2 Kf4 65. Nb5 Qxe4 66. Nxc7 Qe2+ 67. Kc3 Qe1+ 68. Kc2 Ke3 69. Nb5 Qd2+ 70. Kb1 Kf3 71. Nxd6 e4 72. b4 e3 73. Nf5 e2 74. Nh4+ Kf2 0-1

[Event "ISR-ch Women 2018"]
[Site "Ma'alot-Tarshih"]
[Date "2018.12.13"]
[Round "2"]
[White "Reprun, Nadejda"]
[Black "Haitovich, Avital"]
[Result "1/2-1/2"]
[ECO "B77"]
[WhiteElo "2016"]
[BlackElo "1979"]
[Annotator "NA"]
[PlyCount "83"]
[EventDate "2018.12.12"]
[EventType "swiss"]
[EventCountry "ISR"]
[SourceTitle "playchess.com"]
[Source "ChessBase"]
[SourceQuality "1"]
[TimeControl "40/5400+30:1800+30"]

1. e4 c5 2. Nf3 d6 3. d4 cxd4 4. Nxd4 Nf6 5. Nc3 g6 6. Be3 Bg7 7. f3 O-O 8. Qd2 Nc6 9. Bc4 Bd7 10. O-O-O Rb8 11. Bb3 Na5 12. Kb1 b5 13. h4 Nc4 14. Bxc4 bxc4 15. Ka1 Qb6 {[%emt 0:07:26] LiveBook: 6 Games} 16. Rb1 Qa5 17. h5 Rb4 18. hxg6 fxg6 19. Bh6 Bxh6 $16 20. Qxh6 Rf7 21. Qe3 Qc5 22. Qg1 e5 23. Nde2 Qxg1 24. Rhxg1 Bc6 25. Rgd1 Rd7 26. Rd2 d5 27. exd5 Nxd5 28. Nxd5 Rxd5 29. Rxd5 Bxd5 30. Nc3 Be6 31. Re1 Bf5 32. Kb1 Rb7 33. Rxe5 Rd7 34. Kc1 h5 35. Rd5 Rxd5 36. Nxd5 Kf7 37. Ne3 Be6 38. Kd2 Kf6 39. Nd1 Ke5 40. Ke3 Bf5 41. c3 Bb1 42. a3 1/2-1/2

[Event "ISR-ch Women 2018"]
[Site "Ma'alot-Tarshih"]
[Date "2018.12.13"]
[Round "2"]
[White "Vardi, Shlomit"]
[Black "Ovechkin, Lilia"]
[Result "1-0"]
[ECO "D00"]
[WhiteElo "1910"]
[BlackElo "1779"]
[Annotator "NA"]
[PlyCount "103"]
[EventDate "2018.12.12"]
[EventType "swiss"]
[EventCountry "ISR"]
[SourceTitle "playchess.com"]
[Source "ChessBase"]
[SourceQuality "1"]
[TimeControl "40/5400+30:1800+30"]

1. e4 d5 2. d4 Nf6 3. e5 Nfd7 4. Bd3 g6 5. h4 Bg7 6. h5 O-O (6... c5 $16 {was called for.}) 7. hxg6 hxg6 8. Qf3 Re8 (8... Nxe5 $142 9. dxe5 Nc6) 9. e6 (9. Qg3 $142) 9... Nf6 10. exf7+ Kxf7 11. Qg3 Bf5 12. Nf3 Rh8 13. Ng5+ ({Weaker is} 13. Ne5+ Ke6 $18) 13... Ke8 14. Rxh8+ Bxh8 15. Bxf5 gxf5 16. Qh3 Kd7 $18 (16... Nc6 $142 17. c3 Qc8 18. Qxh8+ Kd7) 17. Qxf5+ Kc6 18. Bf4 Qd7 19. Qd3 b6 20. Nf7 Qe6+ 21. Be5 Nbd7 22. Qc3+ Nc5 23. Ng5 Qf5 24. Nf3 Nfe4 25. Qe3 Nd7 26. c4 Bxe5 27. cxd5+ Kxd5 28. dxe5 c5 29. Nc3+ Nxc3 30. bxc3 Kc6 31. O-O-O b5 32. e6 Nb6 33. g4 Qf6 34. Qe4+ Kc7 35. Qe5+ Qxe5 36. Nxe5 Rf8 37. Nf7 Rg8 38. g5 Rg6 39. Re1 Nc4 40. f4 Nd6 41. Re5 Nc4 42. Re2 Rg7 43. f5 Rh7 44. f6 Rh1+ 45. Kc2 Na3+ 46. Kd3 Rh3+ 47. Re3 c4+ 48. Ke4 Rxe3+ 49. Kxe3 exf6 50. g6 b4 51. cxb4 c3 52. g7 1-0

[Event "ISR-ch Women 2018"]
[Site "Ma'alot-Tarshih"]
[Date "2018.12.13"]
[Round "2"]
[White "Brusilovski, Lena"]
[Black "Levitan, Ronit"]
[Result "0-1"]
[ECO "C54"]
[WhiteElo "1886"]
[BlackElo "1875"]
[Annotator "NA"]
[PlyCount "74"]
[EventDate "2018.12.12"]
[EventType "swiss"]
[EventCountry "ISR"]
[SourceTitle "playchess.com"]
[Source "ChessBase"]
[SourceQuality "1"]
[TimeControl "40/5400+30:1800+30"]

1. e4 e5 2. Nf3 Nc6 3. Bc4 Bc5 4. c3 Nf6 5. d3 d6 6. h3 Bb6 7. Bb3 h6 8. Nbd2 Ne7 9. Nc4 c6 10. Nxb6 Qxb6 11. Be3 c5 12. Ba4+ Bd7 13. b4 Qc7 14. O-O O-O 15. Rc1 b5 16. Bc2 $11 a5 (16... c4 $11 {keeps the balance.}) 17. bxc5 dxc5 18. Bb1 ({White should play} 18. d4 $16) 18... Rfd8 19. Qe2 Be6 20. Nd2 Ng6 21. Rfd1 Rac8 22. d4 cxd4 23. cxd4 Qxc1 24. Rxc1 Rxc1+ 25. Nf1 Rxb1 26. d5 Nxd5 27. Qd3 Rxf1+ 28. Kxf1 Nxe3+ 29. Qxe3 Nf4 30. Kg1 Bxa2 31. Qb6 Rd1+ 32. Kh2 b4 33. Qxa5 b3 34. Qxe5 Nd3 35. Qe8+ Kh7 36. Qxf7 b2 37. Qf5+ Kh8 0-1

[Event "ISR-ch Women 2018"]
[Site "Ma'alot-Tarshih"]
[Date "2018.12.13"]
[Round "2"]
[White "Shaul Zeidner, Lyad"]
[Black "Katkov, Michelle"]
[Result "0-1"]
[ECO "C27"]
[WhiteElo "1671"]
[BlackElo "1887"]
[Annotator "NA"]
[PlyCount "50"]
[EventDate "2018.12.12"]
[EventType "swiss"]
[EventCountry "ISR"]
[SourceTitle "playchess.com"]
[Source "ChessBase"]
[SourceQuality "1"]
[TimeControl "40/5400+30:1800+30"]

1. e4 e5 2. Bc4 Bc5 3. Nc3 Nf6 4. d3 d6 5. h3 h6 6. f4 Nc6 7. Na4 Nxe4 8. Nf3 Nf2 9. Qe2 Nxh1 10. Nxc5 dxc5 $19 11. g4 Qe7 12. fxe5 h5 13. Bg5 Qd7 14. O-O-O hxg4 15. Rxh1 gxf3 16. Qxf3 Qf5 17. Qxf5 Bxf5 18. h4 Na5 19. Bd5 c6 20. Bg2 c4 21. d4 Kd7 22. Rd1 Be6 23. Bd2 b6 24. Bg5 Nb7 25. c3 Raf8 0-1

[Event "ISR-ch Women 2018"]
[Site "Ma'alot-Tarshih"]
[Date "2018.12.14"]
[Round "3"]
[White "Reprun, Nadejda"]
[Black "Orian, Noga"]
[Result "1-0"]
[ECO "B92"]
[WhiteElo "2016"]
[BlackElo "1343"]
[Annotator "NA RC"]
[PlyCount "83"]
[EventDate "2018.12.11"]
[EventType "swiss"]
[EventCountry "ISR"]
[SourceTitle "playchess.com"]
[Source "ChessBase"]
[SourceQuality "1"]
[TimeControl "40/5400+30:1800+30"]

1. e4 c5 2. Nf3 d6 3. d4 cxd4 4. Nxd4 Nf6 5. Nc3 a6 6. Be2 e5 7. Nb3 Be6 {[%emt 0:00:06] LiveBook: 318 Games} 8. O-O Be7 9. Be3 Nc6 {[%emt 0:01:09] B92: Sicilian Najdorf: 6 Be2} (9... O-O 10. Qd2 Nbd7 11. a4 Rc8 12. a5 Qc7 13. Rfd1 Rfe8 14. Nc1 Qc6 15. f3 Qc7 16. Nb3 h6 17. Rdc1 Qc6 18. Rd1 Qc7 19. Rdc1 Qc6 20. Rd1 {½-½ (20) Sjugirov,S (2674)-Nepomniachtchi,I (2703) Sochi 2016}) 10. f3 Rc8 11. Qd2 h6 $146 ({Predecessor:} 11... O-O 12. Nd5 Re8 13. Bb6 Qd7 14. Rad1 Bxd5 15. exd5 Bd8 16. Bxd8 Nxd8 {1-0 (25) Graczyk,N (1769)-Gaudyn,R (1579) Katowice 2018}) 12. Rfd1 Na5 13. Nd5 Bxd5 14. Nxa5 Bc6 15. Nxc6 Rxc6 16. a4 Qc7 17. c4 Nd7 18. a5 Nc5 $1 19. Ra3 Ne6 20. b4 Bg5 21. Bxg5 hxg5 22. c5 ({White should try} 22. Ra2 $14) 22... Nd4 23. Bc4 Qd8 24. Bd5 Rc7 25. Rd3 f6 26. Rxd4 exd4 27. Qxd4 Ke7 28. Bb3 Rd7 $2 (28... dxc5 29. Qc4 Qe8) 29. Qd5 Kf8 30. cxd6 g6 31. Ba4 Rhh7 32. Bxd7 Rxd7 33. g3 b6 34. Qc6 $18 bxa5 35. bxa5 Ra7 36. d7 Kf7 37. Qc8 Ra8 38. Qxa8 Qxa8 39. d8=Q Qa7+ 40. Qb6 Qe7 41. Rc1 Qa3 42. Rc7+ 1-0

[Event "ISR-ch Women 2018"]
[Site "Ma'alot-Tarshih"]
[Date "2018.12.14"]
[Round "3"]
[White "Levitan, Ronit"]
[Black "Buzukashvili, Sofia"]
[Result "1-0"]
[ECO "B22"]
[WhiteElo "1875"]
[BlackElo "1963"]
[Annotator "NA RC"]
[PlyCount "69"]
[EventDate "2018.12.11"]
[EventType "swiss"]
[EventCountry "ISR"]
[SourceTitle "playchess.com"]
[Source "ChessBase"]
[SourceQuality "1"]
[TimeControl "40/5400+30:1800+30"]

1. e4 c5 2. c3 g6 3. d4 cxd4 4. cxd4 d5 5. e5 Nc6 6. Nc3 Bg7 7. h3 f6 {[%emt 0:01:32] B22: Sicilian: 2 c3} 8. f4 Nh6 9. g4 O-O 10. Bg2 fxe5 11. fxe5 e6 12. Nf3 a6 $146 ({Predecessor:} 12... Bd7 13. Be3 Rc8 14. Qd2 Nf7 15. O-O {1-0 (35) Pavasovic,D (2597)-Lie,K (2526) Dresden 2008}) 13. O-O Bd7 14. Be3 Na5 15. b3 Rc8 16. Qd2 Nf7 17. h4 Qb6 18. h5 g5 19. Bxg5 Nxe5 20. Nxe5 Bxe5 21. Be3 Bg7 22. h6 Bf6 23. g5 Bh8 $2 {[%emt 0:01:15] [#]} (23... Be7 $16 {is tougher.}) 24. Nxd5 $1 exd5 25. Bxd5+ Be6 26. Qxa5 Qd6 27. Bxe6+ Qxe6 28. Qd2 Rfd8 29. Rf4 Qh3 30. Re1 Qg3+ 31. Kh1 Rc2 32. Qxc2 Qxe1+ 33. Kg2 b5 34. Qe4 Qe2+ 35. Rf2 1-0

[Event "ISR-ch Women 2018"]
[Site "Ma'alot-Tarshih"]
[Date "2018.12.14"]
[Round "3"]
[White "Ovechkin, Lilia"]
[Black "Brusilovski, Lena"]
[Result "1-0"]
[ECO "E70"]
[WhiteElo "1779"]
[BlackElo "1886"]
[Annotator "NA RC"]
[PlyCount "49"]
[EventDate "2018.12.11"]
[EventType "swiss"]
[EventCountry "ISR"]
[SourceTitle "playchess.com"]
[Source "ChessBase"]
[SourceQuality "1"]
[TimeControl "40/5400+30:1800+30"]

1. d4 Nf6 2. c4 g6 3. Nc3 Bg7 4. e4 d6 5. Be3 Ng4 6. Qd2 Nxe3 7. Qxe3 c6 8. Bd3 Qb6 9. Nge2 Qxb2 10. Rb1 Qa3 11. Rb3 Qa5 12. O-O Qc7 13. f4 $17 e5 14. fxe5 dxe5 15. d5 Nd7 16. Na4 c5 17. Nec3 a6 18. Rfb1 Rb8 19. Nb6 Nxb6 20. Rxb6 Bf8 21. Bc2 Bd7 22. d6 Qc8 23. Qg5 Be6 24. Qxe5 Rg8 25. Ba4+ 1-0

[Event "ISR-ch Women 2018"]
[Site "Ma'alot-Tarshih"]
[Date "2018.12.15"]
[Round "4"]
[White "Shvayger, Yuliya"]
[Black "Klinova, Masha"]
[Result "1/2-1/2"]
[ECO "B07"]
[WhiteElo "2393"]
[BlackElo "2267"]
[Annotator "NA"]
[PlyCount "63"]
[EventDate "2018.12.11"]
[EventType "swiss"]
[EventCountry "ISR"]
[SourceTitle "playchess.com"]
[Source "ChessBase"]
[SourceQuality "1"]
[TimeControl "40/5400+30:1800+30"]

1. e4 d6 2. d4 Nf6 3. Nc3 g6 4. Be3 c6 5. Qd2 b5 6. Bd3 Nbd7 7. h3 Bg7 8. Nf3 e5 9. dxe5 dxe5 10. O-O Bb7 11. a4 a6 12. Ne2 Qe7 13. Ng3 O-O 14. Rfd1 Rfe8 15. b4 Bf8 16. Rdb1 Red8 17. Qe2 Rac8 18. c4 c5 19. axb5 cxb4 20. bxa6 Ba8 21. Nd2 Nc5 22. Bxc5 Qxc5 23. Nb3 Qa7 24. Ra5 Nd7 25. Nf1 Nc5 26. Nxc5 Bxc5 27. Ne3 Rd6 28. Nd5 Rxa6 29. Rxa6 Qxa6 30. Nxb4 Qd6 31. Nd5 Kg7 32. Qb2 1/2-1/2

[Event "ISR-ch Women 2018"]
[Site "Ma'alot-Tarshih"]
[Date "2018.12.15"]
[Round "4"]
[White "Nesterovskaya, Anzhelika"]
[Black "Ovechkin, Lilia"]
[Result "1-0"]
[ECO "C47"]
[WhiteElo "2130"]
[BlackElo "1779"]
[Annotator "NA"]
[PlyCount "69"]
[EventDate "2018.12.11"]
[EventType "swiss"]
[EventCountry "ISR"]
[SourceTitle "playchess.com"]
[Source "ChessBase"]
[SourceQuality "1"]
[TimeControl "40/5400+30:1800+30"]

1. e4 e5 2. Nc3 Nf6 3. Nf3 Nc6 4. d4 exd4 5. Nd5 Be7 6. Nxd4 Nxd5 7. exd5 Nxd4 8. Qxd4 Bf6 9. Qd3 Qe7+ 10. Be2 O-O 11. O-O Re8 12. Bf3 d6 13. c3 g6 14. Bd2 Bf5 15. Qb5 Qd7 16. Qc4 b5 17. Qb3 Bd3 18. Rfe1 Qf5 19. Rxe8+ Rxe8 20. Be3 Bc4 21. Qd1 h5 22. h3 a6 23. b3 Bxc3 24. Rc1 Bxb3 25. axb3 b4 26. Qc2 Qe5 27. Bd2 Bxd2 28. Qxd2 a5 29. Rxc7 Qe1+ 30. Qxe1 Rxe1+ 31. Kh2 Rb1 32. Ra7 Ra1 33. Be2 Kf8 34. Bc4 Ke8 35. Bb5+ 1-0

[Event "ISR-ch Women 2018"]
[Site "Ma'alot-Tarshih"]
[Date "2018.12.15"]
[Round "4"]
[White "Lahav, Michal"]
[Black "Levitan, Ronit"]
[Result "1-0"]
[ECO "A07"]
[WhiteElo "2059"]
[BlackElo "1875"]
[Annotator "NA"]
[PlyCount "54"]
[EventDate "2018.12.11"]
[EventType "swiss"]
[EventCountry "ISR"]
[SourceTitle "playchess.com"]
[Source "ChessBase"]
[SourceQuality "1"]
[TimeControl "40/5400+30:1800+30"]

1. Nf3 d5 2. g3 c6 3. Bg2 Bg4 4. O-O Nd7 5. d3 Ngf6 6. Nbd2 e6 7. e4 dxe4 8. dxe4 Bc5 9. Qe1 e5 10. Nc4 Qc7 11. b4 Be7 12. Bb2 Bxf3 13. Bxf3 b5 14. Ne3 Nb6 15. Qc3 Nfd7 16. Nd5 Qb7 17. Nxe7 Kxe7 18. Rad1 Na4 19. Rxd7+ Qxd7 20. Qxe5+ Qe6 21. Qg5+ Ke8 22. Qxg7 Rf8 23. Bg4 Qe7 24. Bf6 Qxb4 25. Rd1 Nb6 26. Qg5 Qxe4 27. Qd2 Qd4 1-0

[Event "ISR-ch Women 2018"]
[Site "Ma'alot-Tarshih"]
[Date "2018.12.15"]
[Round "4"]
[White "Haitovich, Avital"]
[Black "Katkov, Michelle"]
[Result "1/2-1/2"]
[ECO "C84"]
[WhiteElo "1979"]
[BlackElo "1887"]
[Annotator "NA RC"]
[PlyCount "113"]
[EventDate "2018.12.11"]
[EventType "swiss"]
[EventCountry "ISR"]
[SourceTitle "playchess.com"]
[Source "ChessBase"]
[SourceQuality "1"]
[TimeControl "40/5400+30:1800+30"]

1. e4 e5 2. Nf3 Nc6 3. Bb5 a6 4. Ba4 Nf6 5. d4 exd4 6. O-O Be7 7. Re1 b5 8. Bb3 d6 9. Bd5 Nxd5 10. exd5 Ne5 11. Nxd4 O-O 12. a4 Bg4 13. Qd2 {[%emt 0:00:50] C84: Closed Ruy Lopez: Unusual White 6th moves} Bd7 14. Nc3 b4 (14... Rb8 15. axb5 axb5 16. b3 Re8 17. Bb2 Bg5 18. f4 Bh6 19. g3 Ra8 20. Nd1 Rxa1 21. Bxa1 {0-1 (32) Radulski,J (2552)-Mastrovasilis,D (2631) Plovdiv 2012}) 15. Ne4 Qb8 16. b3 Qb7 17. c4 bxc3 18. Nxc3 Bf6 $146 ({Predecessor:} 18... Rfe8 19. Bb2 Ng6 20. Qd3 Bf6 {½-½ (47) Perez Rodriguez,L (2420)-De la Paz Perdomo,F (2461) Santa Clara 2005}) 19. Bb2 c5 20. dxc6 Nxc6 21. Ne4 Bxd4 22. Bxd4 Nxd4 23. Qxd4 Be6 24. Re3 Qe7 25. Nxd6 Rfd8 26. Rd1 Rd7 27. Red3 Rad8 28. Qb6 h6 29. h3 Kh7 30. b4 Bb3 31. Rxb3 Rxd6 32. Rxd6 Qe1+ 33. Kh2 Qe5+ 34. Rg3 Rxd6 35. Qe3 Qa1 36. Qc3 Qxc3 37. Rxc3 Rd4 38. Rb3 Kg6 39. b5 axb5 40. axb5 Rd7 41. Kg3 Kf5 42. Kf3 Rb7 43. b6 Ke5 44. Ke3 Kd5 45. Kf4 Kc5 46. Ke5 Re7+ 47. Kf5 Rb7 48. g4 Rxb6 49. Rxb6 Kxb6 50. f4 Kc6 51. h4 Kd6 52. h5 Ke7 53. g5 hxg5 $1 54. fxg5 $11 Kf8 55. h6 gxh6 56. gxh6 Kg8 57. Ke4 1/2-1/2

[Event "ISR-ch Women 2018"]
[Site "Ma'alot-Tarshih"]
[Date "2018.12.15"]
[Round "4"]
[White "Orian, Noga"]
[Black "Vardi, Shlomit"]
[Result "0-1"]
[ECO "E67"]
[WhiteElo "1343"]
[BlackElo "1910"]
[Annotator "NA"]
[PlyCount "64"]
[EventDate "2018.12.11"]
[EventType "swiss"]
[EventCountry "ISR"]
[SourceTitle "playchess.com"]
[Source "ChessBase"]
[SourceQuality "1"]
[TimeControl "40/5400+30:1800+30"]

1. Nf3 d6 2. g3 Nf6 3. Bg2 g6 4. O-O Bg7 5. d4 O-O 6. c4 Nbd7 7. Nc3 c6 8. b3 Re8 9. Bb2 e5 10. e3 Nh5 11. Rc1 f5 12. Ba3 e4 13. Ne1 Ndf6 14. b4 g5 15. d5 f4 16. exf4 gxf4 17. Nxe4 Nxe4 18. Bxe4 Rxe4 19. Qxh5 Qe7 20. Ng2 fxg3 21. hxg3 Bg4 22. Qh2 Qf7 23. Ne3 Bf3 24. Rc2 Qg6 25. Bb2 Bh6 26. Bc1 Rae8 27. Re1 R8e5 28. Qh3 Rh5 29. Qc8+ Re8 30. Ng2 Rxc8 31. Rc3 Qg4 32. Bxh6 Rh1+ 0-1

[Event "ISR-ch Women 2018"]
[Site "Ma'alot-Tarshih"]
[Date "2018.12.16"]
[Round "5"]
[White "Shvayger, Yuliya"]
[Black "Efroimski, Marsel"]
[Result "1/2-1/2"]
[ECO "B20"]
[WhiteElo "2393"]
[BlackElo "2301"]
[Annotator "NA"]
[PlyCount "94"]
[EventDate "2018.12.11"]
[EventType "swiss"]
[EventCountry "ISR"]
[SourceTitle "playchess.com"]
[Source "ChessBase"]
[SourceQuality "1"]
[TimeControl "40/5400+30:1800+30"]

1. e4 c5 2. b3 Nc6 3. Bb2 e5 4. Bc4 Nf6 5. d3 Be7 6. Nc3 a6 7. a4 Rb8 8. Nge2 O-O 9. O-O d6 10. Qd2 Nh5 11. Bc1 h6 12. Qd1 Bg5 13. Rb1 Bxc1 14. Qxc1 Qg5 15. f4 exf4 16. Nxf4 Nxf4 17. Qxf4 Qxf4 18. Rxf4 Be6 19. Rf2 Nd4 20. a5 Nc6 21. Ra1 Rbe8 22. Bd5 Bxd5 23. Nxd5 f5 24. exf5 Re5 25. Nc3 Rexf5 26. Rxf5 Rxf5 27. Ne4 Rd5 28. Kf2 Kf8 29. Ke3 Ke7 30. h3 Rf5 31. c3 Kd7 32. Ke2 Re5 33. Kd2 Rf5 34. Ke3 Kc7 35. Ke2 Ne7 36. g3 Kc6 37. c4 Kd7 38. Nd2 Nc6 39. Nf3 Rf7 40. Ke3 Re7+ 41. Kf2 Rf7 42. Kg2 g5 43. Ra2 Ke6 44. g4 Rf4 45. Kg3 Ne5 46. Nxe5 dxe5 47. Rf2 Kd6 1/2-1/2

[Event "ISR-ch Women 2018"]
[Site "Ma'alot-Tarshih"]
[Date "2018.12.16"]
[Round "5"]
[White "Reprun, Nadejda"]
[Black "Nesterovskaya, Anzhelika"]
[Result "1/2-1/2"]
[ECO "B70"]
[WhiteElo "2016"]
[BlackElo "2130"]
[Annotator "NA"]
[PlyCount "183"]
[EventDate "2018.12.11"]
[EventType "swiss"]
[EventCountry "ISR"]
[SourceTitle "playchess.com"]
[Source "ChessBase"]
[SourceQuality "1"]
[TimeControl "40/5400+30:1800+30"]

1. e4 c5 2. Nf3 d6 3. d4 cxd4 4. Nxd4 Nf6 5. Nc3 g6 6. Be2 Bg7 7. O-O O-O 8. Re1 a6 9. Bf1 b5 10. a4 b4 11. Nd5 Nxd5 12. exd5 Bb7 13. Nb3 Nd7 14. Bg5 Re8 15. Ra2 Nb6 16. Qd2 Qc7 17. Qxb4 Nxd5 18. Qd2 f6 19. Bh4 a5 20. Bb5 Rec8 21. c4 Nb4 22. Raa1 e5 23. Rad1 d5 24. cxd5 Bxd5 25. Rc1 Qb6 26. Rc3 Rd8 27. Qe2 Na2 28. Rd3 Nb4 29. Rc3 Kh8 30. Nd2 Qd4 31. Bg3 Bxg2 32. Nb3 Qd5 33. Bc4 Qc6 34. Bb5 Qb7 35. f3 Bh3 36. Bf2 Nd5 37. Rc6 Nf4 38. Qc4 Bf5 39. Nc5 Qa7 40. Ne4 Nh3+ 41. Kg2 Nxf2 42. Nxf2 Rd2 43. Re2 Rxe2 44. Qxe2 Qd4 45. Ne4 Qd8 46. Nd6 Be6 47. Qc2 Bf8 48. Ne4 Bf5 49. Bd3 Be7 50. b3 Rc8 51. Ba6 Rxc6 52. Qxc6 Bd7 53. Qc4 f5 54. Nc3 Bb4 55. Ne2 Qg5+ 56. Kf1 f4 57. Bc8 Qf5 58. Bxd7 Qxd7 59. Kg2 Kg7 60. Nc1 Qd2+ 61. Ne2 Qd8 62. Qe6 Qg5+ 63. Kf1 Qf5 64. Qxf5 gxf5 65. Nc1 e4 66. Na2 Bd6 67. Nc3 e3 68. Nb5 Be5 69. Ke2 Kf6 70. Kd3 Kg5 71. Na7 Kh4 72. Nc6 Bc7 73. b4 axb4 74. Nxb4 Kh3 75. Nd5 Bb8 76. Ne7 Kxh2 77. a5 Kg2 78. Ke2 h5 79. Nxf5 Kh3 80. Kf1 Ba7 81. a6 Bb8 82. Ke2 Kg2 83. Nh4+ Kh3 84. Nf5 h4 85. Kf1 Ba7 86. Ke2 Bb8 87. Kf1 Ba7 88. Ke2 Bb8 89. Kf1 Kh2 90. Ne7 h3 91. Nc6 Kg3 92. Nxb8 1/2-1/2

[Event "ISR-ch Women 2018"]
[Site "Ma'alot-Tarshih"]
[Date "2018.12.16"]
[Round "5"]
[White "Vardi, Shlomit"]
[Black "Haitovich, Avital"]
[Result "0-1"]
[ECO "B30"]
[WhiteElo "1910"]
[BlackElo "1979"]
[Annotator "NA"]
[PlyCount "82"]
[EventDate "2018.12.11"]
[EventType "swiss"]
[EventCountry "ISR"]
[SourceTitle "playchess.com"]
[Source "ChessBase"]
[SourceQuality "1"]
[TimeControl "40/5400+30:1800+30"]

1. e4 c5 2. Nc3 Nc6 3. Bb5 Nd4 4. Nf3 e6 5. O-O a6 6. Bd3 Nc6 7. Re1 d6 8. Bf1 Qc7 9. d4 cxd4 10. Nxd4 Nf6 11. Be3 Be7 12. f3 O-O 13. Nxc6 Qxc6 14. a4 b6 15. Qd4 Rb8 16. Kh1 Rd8 17. Bc4 d5 18. exd5 exd5 19. Qe5 Bd6 20. Bxd5 Qc7 21. Qg5 Bxh2 22. f4 h6 23. Qh4 Nxd5 24. Nxd5 Rxd5 25. Qxh2 Qxc2 26. f5 Ra8 27. f6 Bb7 28. Qg3 g6 29. Rac1 Qxb2 30. Rc7 Rh5+ 31. Kg1 Bd5 32. Rd1 Re8 33. Re7 Rc8 34. Qg4 Rc2 35. Rxd5 Rxd5 36. Re8+ Kh7 37. Re7 Qa1+ 38. Kh2 Rh5+ 39. Kg3 Qe1+ 40. Kf3 Qf1+ 41. Ke4 Rc4+ {[%emt 0:02:36] Kd4 [%clk 0:00:00]} 0-1

[Event "ISR-ch Women 2018"]
[Site "Ma'alot-Tarshih"]
[Date "2018.12.16"]
[Round "5"]
[White "Katkov, Michelle"]
[Black "Buzukashvili, Sofia"]
[Result "1-0"]
[ECO "B22"]
[WhiteElo "1887"]
[BlackElo "1963"]
[Annotator "NA"]
[PlyCount "83"]
[EventDate "2018.12.11"]
[EventType "swiss"]
[EventCountry "ISR"]
[SourceTitle "playchess.com"]
[Source "ChessBase"]
[SourceQuality "1"]
[TimeControl "40/5400+30:1800+30"]

1. e4 c5 2. c3 d5 3. exd5 Qxd5 4. d4 Nf6 5. Nf3 e6 6. Be3 cxd4 7. cxd4 Nc6 8. Nc3 Qd6 9. Bd3 Be7 10. O-O O-O 11. Rc1 b6 12. a3 Bb7 13. Bb1 Rac8 14. Qd3 g6 15. Rfe1 Rfd8 16. Rcd1 Nd5 17. Ba2 Nxc3 18. bxc3 Qxa3 19. Rd2 Ba6 20. Qe4 Qd6 21. Bf4 Qd7 22. d5 exd5 23. Bxd5 Qf5 24. Qxf5 gxf5 25. Bxc6 Bf6 26. Rxd8+ Rxd8 27. Be5 Bxe5 28. Nxe5 Rc8 29. Ra1 f6 30. Bd5+ Kg7 31. Rxa6 fxe5 32. Rxa7+ Kg6 33. Ra6 Rxc3 34. Rxb6+ Kg5 35. g3 Rd3 36. Bg8 Rd7 37. h4+ Kh5 38. Rf6 Rg7 39. Rxf5+ Kg6 40. Rg5+ Kh6 41. Rxg7 Kxg7 42. Bxh7 1-0